 Dungeon Crawl Stone Soup version 0.28.0-53-g5a82cb258f (webtiles) character file.

Game seed: 2925874029351785490

154 uvd540 the Skirmisher (level 5, -2/47 HPs)
             Began as a Minotaur Berserker on Aug 9, 2022.
             Was a Believer of Trog.
             Succumbed to a water moccasin's poison
             ... on level 6 of the Dungeon.
             The game lasted 00:09:10 (1594 turns).

uvd540 the Skirmisher (Minotaur Berserker)          Turns: 1594, Time: 00:09:11

Health: -2/47      AC:  3    Str: 22    XL:     5   Next: 13%
Magic:  4/4        EV: 12    Int:  4    God:    Trog [**....]
Gold:   53         SH:  3    Dex: 14    Spells: 4/4 levels left

rFire   + . .      SeeInvis .   j - +3 mace of the Jumping Dove {elec, *Corrode rF+ rC+ Dex+3}
rCold   + . .      Faith    .   i - +0 buckler
rNeg    . . .      Spirit   .   c - +0 leather armour
rPois   .          Reflect  .   (helmet restricted)
rElec   .          Harm     .   (no cloak)
rCorr   .          Rampage  .   (no gloves)
Will    ++...                   (no boots)
Stlth   +.........              (no amulet)
HPRegen 1.15/turn               (no ring)
MPRegen 0.09/turn               (no ring)

@: lethally poisoned (-2 -> -11), strong-willed, regenerating
A: horns 2, retaliatory headbutt
a: Renounce Religion, Berserk, Trog's Hand


You were on level 6 of the Dungeon.
You worshipped Trog.
Trog was pleased with you.
You visited 1 branch of the dungeon, and saw 4 of its levels.

You collected 53 gold pieces.

Inventory:

Hand Weapons
 a - a +0 hand axe
 j - the +3 mace of the Jumping Dove (weapon) {elec, *Corrode rF+ rC+ Dex+3}
   (You found it on level 2 of the Dungeon)

   It occasionally discharges a powerful burst of electricity upon striking a
   foe.
   Dex:       It affects your dexterity (+3).
   rF:        It protects you from fire.
   rC:        It protects you from cold.
   *Corrode:  It may corrode you when you take damage.
Missiles
 h - 5 poisoned darts (quivered)
Armour
 b - a +0 animal skin
 c - a +0 leather armour (worn)
 i - a +0 buckler (worn)
Scrolls
 k - a scroll of noise {unknown}
Potions
 d - a potion of lignification {unknown}
 e - a potion of flight {unknown}
 f - a potion of might {unknown}
 g - a potion of invisibility {unknown}


   Skills:
 + Level 4.6 Fighting
 - Level 4.2(4.4) Axes
 + Level 1.7(3.2) Maces & Flails
 + Level 3.8 Armour
 + Level 3.5 Dodging


You had 4 spell levels left.
You didn't know any spells.
Your spell library was empty.

Dungeon Overview and Level Annotations

Branches:
Dungeon (3/15)

Altars:
Kikubaaqudgha

Shops:
D:1 *


Innate Abilities, Weirdness & Mutations

You have a pair of horns on your head.
You reflexively headbutt those who attack you in melee.


Message History

The floor.
A water moccasin is nearby!
Throw: 6 darts (poison)
Press: ? - help, Q - select action, (/) - cycle Shift-Dir - straight line, f/p - water moccasin
Aim: a water moccasin (42% to hit)
You throw a poisoned dart.
The poisoned dart closely misses the water moccasin.
You block the water moccasin's attack.
You barely miss the water moccasin. The water moccasin closely misses you.
You barely miss the water moccasin. The water moccasin closely misses you.
The water moccasin bites you!
You hit the water moccasin.
The water moccasin is moderately wounded.
The water moccasin barely misses you.
The water moccasin bites you but does no damage.
You hit the water moccasin but do no damage.
The water moccasin is moderately wounded.
The water moccasin barely misses you. x2
You hit the water moccasin.
The water moccasin is heavily wounded.
The water moccasin bites you!
You are poisoned.
The water moccasin poisons you! The water moccasin bites you.
Your skin crawls.
You feel strong-willed.
You feel very sick. The water moccasin bites you.
* * * LOW HITPOINT WARNING * * *
You hit the water moccasin.
The water moccasin is heavily wounded.
You feel very sick. The water moccasin bites you!
* * * LOW HITPOINT WARNING * * *
You are lethally poisoned!
The water moccasin poisons you! The water moccasin barely misses you.
* * * LOW HITPOINT WARNING * * *
You feel very sick.
You sock the water moccasin!
The water moccasin is almost dead.
You die...

#.....# #.###.#
################.#
#..............#.#
#.≈≈≈≈≈≈≈≈≈≈≈≈.#.#
#.≈≈≈≈≈≈≈≈≈≈≈≈.#.#
+.≈≈≈≈≈≈≈≈≈≈≈≈.'.#
#.≈≈≈≈≈≈≈≈≈≈≈≈.###
#(.....S@......#
################


You could see a water moccasin.

Vanquished Creatures
  A black bear (D:3)
  2 adders
  A ball python (D:2)
  2 endoplasms (D:1)
  7 giant cockroaches
  2 goblins (D:1)
  8 hobgoblins
  7 jackals
  A quokka (D:2)
  5 bats
  3 kobolds
  2 rats (D:1)
41 creatures vanquished.

Notes
Turn   | Place    | Note
-------+----------+-------------------------------------------
     0 | D:1      | uvd540 the Minotaur Berserker began the quest for the Orb.
     0 | D:1      | Reached XP level 1. HP: 19/19 MP: 0/0
   219 | D:1      | Reached XP level 2. HP: 16/27 MP: 1/1
   764 | D:1      | Reached XP level 3. HP: 31/33 MP: 2/2
   836 | D:1      | Found a faded altar of an unknown god.
   994 | D:1      | Found Qafer's Assorted Antiques.
  1297 | D:2      | Identified the +3 mace of the Jumping Dove {elec, *Corrode
                  | rF+ rC+ Dex+3}
  1319 | D:2      | Found an ancient bone altar of Kikubaaqudgha.
  1512 | D:3      | Reached ** piety under Trog
  1522 | D:3      | Noticed a black bear
  1533 | D:3      | Killed a black bear
  1534 | D:3      | Reached skill level 1 in Maces & Flails
  1534 | D:3      | Reached XP level 4. HP: 38/41 MP: 3/3
  1534 | D:3      | Reached XP level 5. HP: 43/47 MP: 4/4
  1546 | D:3      | You fall into a shaft and drop 3 floors!
  1582 | D:6      | Noticed a water moccasin
  1593 | D:6      | HP: 2/47 [poisoned by a water moccasin]
  1594 | D:6      | Succumbed to a water moccasin's poison

Illustrated notes

Levels and vault maps discovered:
D:1:      eino_arrival_cavern_b, layout_rooms, serial_shops, shop,
          hellmonk_ecumenical_altar_crossroads, minmay_3d_cube
D:2:      layout_basic, basic_altar, uniq_crazy_yiuf_cottage
D:3:      layout_basic, good_gods_mini_temple
D:6:      layout_basic, minmay_temple_entry_stoned_glass, serial_shops, shop,
          nrook_pool_corridor

Skill      XL: |  1  2  3 |
---------------+----------+-----
Fighting       | 4 |  4.6
Axes           | 4 |  4.2
Armour         | 3 |  3.8
Dodging        | 3 |  3.5
Maces & Flails | 1 |  1.7

Action                   |  1- 3 |  4- 6 || total
-------------------------+-------+-------++-------
Melee: Hand axe          |    84 |       ||    84
       Headbutt          |     8 |       ||     8
       Mace              |    12 |    10 ||    22
       Punch             |     1 |       ||     1
Throw: Dart              |       |     1 ||     1
Invok: Berserk           |     1 |       ||     1
       Trog's Hand       |       |     1 ||     1
  Use: Scroll            |     1 |     1 ||     2
Armor: Animal skin       |     2 |       ||     2
       Leather armour    |    31 |     2 ||    33
Dodge: Dodged            |    63 |    10 ||    73
Block: Buckler           |     5 |     1 ||     6
